 Dungeon Crawl Stone Soup version 0.20.1-1-g8b1a95d (webtiles) character file.

3843 Zentaure the Basher (level 10, -6/56 HPs)
             Began as a Gargoyle Fighter on Nov 12, 2017.
             Was a Believer of Okawaru.
             Mangled by a yak (7 damage)
             ... on level 8 of the Dungeon.
             The game lasted 00:19:29 (8064 turns).

Zentaure the Basher (Gargoyle Fighter)              Turns: 8064, Time: 00:19:29

Health: -6/56      AC: 18    Str: 19    XL:     10   Next: 18%
Magic:  17/17      EV:  9    Int: 13    God:    Okawaru [**....]
Gold:   342        SH: 10    Dex: 18    Spells: 15/18 levels left

rFire    . . .     SeeInvis .   a - +1 morningstar (drain)
rCold    . . .     Gourm    .   c - +0 shield
rNeg     + . .     Faith    .   R - +3 leather armour
rPois    ∞         Spirit   .   t - +0 helmet
rElec    +         Reflect  .   (no cloak)
rCorr    .         Harm     .   P - +0 pair of gloves
MR       .....                  k - +2 pair of boots
Stlth    +.........             (no amulet)
Regen    0.6/turn               D - +4 ring of dexterity
MPRegen  0.2/turn               N - +3 ring of intelligence

@: no status effects
A: agile 1, negative energy resistance 1, regeneration 1, electricity
resistance, unbreathing, petrification resistance, rot immunity, AC +7
a: Heroism, Renounce Religion


You were on level 8 of the Dungeon.
You worshipped Okawaru.
Okawaru was pleased with you.
You were not hungry.

You visited 2 branches of the dungeon, and saw 10 of its levels.

You collected 342 gold pieces.

Inventory:

Hand Weapons
 a - a +1 morningstar of draining (weapon)
 b - a +0 flail of holy wrath
 G - the +6 rapier of Agil {pain, +Rage rF+ rC+}
   (You found it on level 4 of the Dungeon)

   In the hands of one skilled in necromantic magic, it inflicts extra damage on
   living creatures.
   It protects you from fire.
   It protects you from cold.
   It lets you go berserk.
Missiles
 h - 199 stones (quivered)
Armour
 c - a +0 shield (worn)
 k - a +2 pair of boots (worn)
 t - a +0 helmet (worn)
 P - a +0 pair of gloves (worn)
 R - a +3 leather armour (worn)
Jewellery
 r - an uncursed ring of see invisible {unknown}
 D - a +4 ring of dexterity (left hand)
 N - a +3 ring of intelligence (right hand)
Wands
 j - a wand of disintegration (7/24)
 p - a wand of lightning (10/15)
 K - a wand of confusion (14/48)
Scrolls
 d - a scroll of blinking
 e - 6 scrolls of remove curse
 i - 2 scrolls of fear
 l - 4 scrolls of teleportation
 o - a scroll of enchant weapon
 q - 12 scrolls of identify
 s - a scroll of amnesia
 H - a scroll of recharging
Potions
 u - a potion of agility
 A - 2 potions of curing
 B - a potion of brilliance
 J - a potion of flight
Books
 g - a book of Conjurations

   Spells                             Type                      Level
   a - Magic Dart                     Conjuration                  1
   b - Searing Ray                    Conjuration                  2
   c - Dazzling Spray                 Conjuration/Hexes            3
   d - Fulminant Prism                Conjuration/Hexes            4
   e - Force Lance                    Conjuration/Translocation    4
   f - Iskenderun's Mystic Blast      Conjuration                  4
 O - a book of Battle

   Spells                             Type                      Level
   a - Infusion                       Charms                       1
   b - Shroud of Golubria             Charms/Translocation         2
   c - Song of Slaying                Charms                       2
   d - Spectral Weapon                Hexes/Charms                 3
   e - Regeneration                   Charms/Necromancy            3
 Q - a book of Changes

   Spells                             Type                      Level
   a - Beastly Appendage              Transmutation                1
   b - Sticks to Snakes               Transmutation                2
   c - Spider Form                    Transmutation/Poison         3
   d - Ice Form                       Ice/Transmutation            4
   e - Blade Hands                    Transmutation                5
Comestibles
 f - 13 bread rations
 m - 8 royal jellies
 n - 4 chunks of flesh
 v - 6 fruits
 x - 6 meat rations


   Skills:
 - Level 3.2 Fighting
 + Level 11.2 Maces & Flails
 - Level 3.2 Armour
 + Level 4.9 Shields
 - Level 4.7 Spellcasting
 + Level 5.6 Charms


You had 15 spell levels left.
You knew the following spells:

 Your Spells              Type           Power        Failure   Level  Hunger
a - Infusion              Chrm           ###.         9%          1    None
b - Song of Slaying       Chrm           ###.....     13%         2    ##.....


Dungeon Overview and Level Annotations

Branches:
Dungeon (9/15)             Temple (1/1) D:6
   Lair: D:8-11         Orc: D:9-12

Altars:
Ashenzari
Cheibriados
Dithmenos
Elyvilon
Fedhas
Gozag
Hepliaklqana
Kikubaaqudgha
Makhleb
Nemelex Xobeh
Okawaru
Qazlal
Ru
Sif Muna
Trog
Uskayaw
Vehumet
Xom
Yredelemnul
Zin
The Shining One

Shops:
D:5 *   D:8 *


Innate Abilities, Weirdness & Mutations

You are resistant to torment.
Your stone body is resilient. (AC +7)
You are immune to poison.
You resist negative energy. (rN+)
You are resistant to electric shocks. (rElec)
You can survive without breathing.
You are immune to petrification.
You are immune to rotting.
You are agile. (Dex +2)
Your natural rate of healing is unusually fast.


Message History

You climb upwards.
There is a stone staircase leading down here.
You miss the killer bee.
The killer bee stings you but does no damage. x2
The killer bee closely misses you. You block the yak's attack.
The yak gores you but does no damage. The yak gores you!
* * * LOW HITPOINT WARNING * * *
The killer bee barely misses you. You block the yak's attack.
The killer bee closely misses you. You block the killer bee's attack.
You closely miss the killer bee. You block the killer bee's attack.
The killer bee stings you.
* * * LOW HITPOINT WARNING * * *
You block the killer bee's attack. The gnoll hits you with a whip.
* * * LOW HITPOINT WARNING * * *
The yak gores you.
* * * LOW HITPOINT WARNING * * *
The yak gores you!
* * * LOW HITPOINT WARNING * * *
The yak barely misses you. The yak gores you!
You die...

.#.#.#.# #.............##.......#
.......###.......########.......#
.#.#.#...........# #.......#
........#####....## #########
.#.#.#.## #......# .......#
#......# ....[.## #......#
.....## #...yYy# ....## #...g@Y#
....# #...YYy# ....# #......#
....# #......# ....# ########
##'## #.# #.# #<#


You could see 4 yaks, 3 killer bees and a gnoll.

Vanquished Creatures
  A hippogriff (D:7)
  A yak (D:9)
  A wyvern (D:8)
  Menkaure (D:7)
  3 orc warriors
  2 ice beasts
  3 sky beasts
  A necrophage (D:7)
  5 ogres
  4 phantoms
  A centaur (D:7)
  2 bullfrogs
  3 killer bees (D:8)
  6 crimson imps
  A hound (D:4)
  A jelly (D:7)
  3 bullfrog skeletons
  2 gnoll shamans
  4 orc priests
  4 orc wizards
  Jessica (D:2)
  3 iguanas
  5 worker ants
  A hound zombie (D:7)
  A hound skeleton (D:8)
  Robin (D:2)
  17 gnolls
  6 adders
  3 shadow imps
  An ooze (D:1)
  An adder zombie (D:6)
  4 worms
  2 dart slugs
  6 leopard geckos
  33 orcs
  10 bats
  7 giant cockroaches
  11 goblins
  7 hobgoblins
  8 jackals
  A quokka (D:4)
  4 ball pythons
  5 frilled lizards
  12 kobolds
  2 leopard gecko skeletons
  9 rats
210 creatures vanquished.

Notes
Turn   | Place    | Note
-------+----------+-------------------------------------------
     0 | D:1      | Zentaure the Gargoyle Fighter began the quest for the Orb.
     0 | D:1      | Reached XP level 1. HP: 14/14 MP: 1/1
   166 | D:1      | Reached XP level 2. HP: 17/19 MP: 2/2
   186 | D:1      | Reached skill level 3 in Maces & Flails
   286 | D:1      | Reached XP level 3. HP: 23/23 MP: 3/3
  1207 | D:2      | Noticed Jessica
  1219 | D:2      | Killed Jessica
  1219 | D:2      | Reached skill level 4 in Maces & Flails
  1219 | D:2      | Reached XP level 4. HP: 28/28 MP: 4/4
  1390 | D:2      | Noticed Robin
  1404 | D:2      | Killed Robin
  1608 | D:2      | Reached skill level 5 in Maces & Flails
  1648 | D:2      | Reached XP level 5. HP: 31/32 MP: 5/5
  2589 | D:3      | Reached skill level 6 in Maces & Flails
  2600 | D:3      | Reached XP level 6. HP: 36/37 MP: 6/6
  3757 | D:4      | Got a slimy rapier
  3758 | D:4      | Identified the +6 rapier of Agil {pain, +Rage rF+ rC+} (You found it on level 4 of the Dungeon)
  3770 | D:4      | Reached skill level 7 in Maces & Flails
  3770 | D:4      | Reached XP level 7. HP: 41/41 MP: 7/7
  3913 | D:4      | Reached skill level 8 in Maces & Flails
  4376 | D:5      | Entered Level 5 of the Dungeon
  4654 | D:5      | Found a sparkling altar of Nemelex Xobeh.
  4657 | D:5      | Found a stormy altar of Qazlal.
  4660 | D:5      | Found a glowing silver altar of Zin.
  4719 | D:5      | Reached skill level 9 in Maces & Flails
  4719 | D:5      | Reached XP level 8. HP: 26/46 MP: 8/8
  4899 | D:5      | Found a shimmering altar of Xom.
  4982 | D:5      | Found Ugrag's Assorted Antiques.
  5156 | D:5      | Learned a level 1 spell: Infusion
  5269 | D:6      | Reached skill level 1 in Spellcasting
  5309 | D:6      | Reached skill level 1 in Charms
  5671 | D:6      | Reached skill level 10 in Maces & Flails
  5809 | D:6      | Found a staircase to the Ecumenical Temple.
  5844 | Temple   | Entered the Ecumenical Temple
  5896 | Temple   | Became a worshipper of Warmaster Okawaru
  6010 | D:6      | Found a radiant altar of Vehumet.
  6010 | D:6      | Found a white marble altar of Elyvilon.
  6010 | D:6      | Found a basalt altar of Yredelemnul.
  6129 | D:6      | Found an opulent altar of Gozag.
  6161 | D:6      | Reached XP level 9. HP: 51/51 MP: 13/13
  6355 | D:6      | Gained mutation: You are agile. (Dex +2) [potion of mutation]
  6355 | D:6      | Gained mutation: Your natural rate of healing is unusually fast. [potion of mutation]
  6574 | D:7      | Reached * piety under Okawaru
  6742 | D:7      | Noticed Menkaure
  6751 | D:7      | Killed Menkaure
  6923 | D:7      | Found a deep blue altar of Sif Muna.
  7139 | D:7      | Learned a level 2 spell: Song of Slaying
  7230 | D:7      | Reached ** piety under Okawaru
  7304 | D:8      | Found Naoqow's Assorted Antiques.
  7372 | D:8      | Reached skill level 11 in Maces & Flails
  7372 | D:8      | Reached skill level 5 in Charms
  7535 | D:8      | Reached XP level 10. HP: 54/56 MP: 17/17
  7946 | D:8      | Found a deep blue altar of Sif Muna.
  7979 | D:9      | Noticed a catoblepas
  8064 | D:8      | HP: 1/56 [yak (7)]
  8064 | D:8      | Mangled by a yak

Skill      XL: |  1  2  3  4  5  6  7  8  9 |
---------------+----------------------------+-----
Maces & Flails | 3 4 5 6 7 9 10 11 | 11.2
Spellcasting   | 3 4 |  4.7
Charms         | 2 5 |  5.6
Shields        | 4 |  4.9
Fighting       | |  3.2
Armour         | |  3.2

Action                   |  1- 3 |  4- 6 |  7- 9 | 10-12 || total
-------------------------+-------+-------+-------+-------++-------
Melee: Flail             |    67 |       |       |       ||    67
       Dagger            |    44 |   241 |       |       ||   285
       Rapier            |       |     5 |   188 |       ||   193
       Morningstar       |       |       |   195 |    52 ||   247
Throw: Stone             |    58 |   125 |   204 |    37 ||   424
Invok: Heroism           |       |       |       |     1 ||     1
Evoke: Wand              |       |       |     2 |       ||     2
  Use: Scroll            |     2 |       |    11 |       ||    13
       Potion            |       |     2 |    12 |       ||    14
 Stab: Confused          |       |       |     1 |       ||     1
  Eat: Chunk             |     1 |     9 |    12 |     2 ||    24
Armor: Scale mail        |    62 |    94 |   194 |       ||   350
       Leather armour    |       |       |    26 |    32 ||    58
       Skin              |       |       |    12 |       ||    12
Dodge: Dodged            |    42 |    69 |   130 |    39 ||   280
Block: Shield            |    52 |   109 |   186 |    47 ||   394
